[Event "36th Belgrade Trophy 2023"]
[Site "Belgrade"]
[Date "2023.12.01"]
[Round "7.15"]
[White "Zubova, Mariya"]
[Black "Zoric, Savo"]
[Result "1/2-1/2"]
[ECO "C41"]
[WhiteElo "2157"]
[BlackElo "1952"]
[Annotator "RC"]
[PlyCount "115"]
[EventDate "2023.10.23"]
[EventType "swiss"]
[EventCountry "SRB"]
[SourceTitle "playchess.com"]
[Source "ChessBase"]
[SourceQuality "1"]
[TimeControl "40/5400+30:900+30"]

1. e4 d6 2. d4 Nf6 3. Nc3 e5 4. Nf3 Nbd7 5. Bc4 Be7 6. O-O O-O 7. Re1 c6 8. a4 b6 9. h3 a6 10. b3 Rb8 11. Bb2 b5 12. axb5 axb5 13. Bf1 Bb7 14. dxe5 dxe5 15. g3 Qc7 16. Bg2 Ra8 17. Qe2 Bb4 18. Red1 Rfe8 19. Ne1 Bf8 20. Nd3 Nc5 21. Qe3 Nxd3 22. Rxd3 Rxa1+ 23. Bxa1 Nd7 24. Rd1 Bc8 25. Bb2 Bc5 26. Qe2 Nf8 27. Na2 Ne6 28. c3 Rd8 29. Rxd8+ Qxd8 30. Nc1 f6 31. h4 Qd6 32. Qd3 Bd7 33. Bh3 Nf8 34. Bxd7 Nxd7 35. Qxd6 Bxd6 36. Nd3 Nc5 37. Nxc5 Bxc5 38. h5 g6 39. hxg6 hxg6 40. Kf1 Kf7 41. Ke2 Ke6 42. Bc1 Kd6 43. f3 Ke6 44. Kd3 Kd7 45. Bd2 Ke6 46. Ke2 Ke7 47. f4 Ke6 48. Kf3 f5 49. g4 fxe4+ 50. Kxe4 exf4 51. Bxf4 Bf2 52. Bc7 Be1 53. Be5 Bf2 54. c4 bxc4 55. bxc4 Be1 56. Bd4 Bd2 57. Be5 Be1 58. Bd4 1/2-1/2

[Event "36th Belgrade Trophy 2023"]
[Site "Belgrade"]
[Date "2023.12.02"]
[Round "8.1"]
[White "Atalik, Suat"]
[Black "Bryakin, Mikhail"]
[Result "1/2-1/2"]
[ECO "D35"]
[WhiteElo "2427"]
[BlackElo "2478"]
[Annotator "ChessBase"]
[PlyCount "67"]
[EventDate "2023.10.23"]
[EventType "swiss"]
[EventCountry "SRB"]
[SourceTitle "playchess.com"]
[Source "ChessBase"]
[SourceQuality "1"]
[TimeControl "40/5400+30:900+30"]

1. d4 Nf6 2. c4 e6 3. Nc3 d5 4. cxd5 Nxd5 5. g3 c5 6. Bg2 Nxc3 7. bxc3 cxd4 8. Qxd4 Qxd4 9. cxd4 Nc6 10. Nf3 Bb4+ 11. Bd2 Bxd2+ 12. Kxd2 Bd7 13. Rhc1 Rc8 14. Ne5 Nxe5 15. dxe5 Bc6 16. Bxc6+ bxc6 17. Rc4 Ke7 18. e4 Rc7 19. Rac1 Rb8 20. Rxc6 Rxc6 21. Rxc6 Rb2+ 22. Rc2 Rxc2+ 23. Kxc2 Kd7 24. Kb3 Kc6 25. Kc4 a5 26. h4 g6 27. f4 h6 28. a4 Kb6 29. g4 Kc6 30. Kd4 Kb6 31. f5 g5 32. hxg5 hxg5 33. fxe6 fxe6 34. Kc4 1/2-1/2

[Event "36th Belgrade Trophy 2023"]
[Site "Belgrade"]
[Date "2023.12.02"]
[Round "8.2"]
[White "Blagojevic, Dragisa"]
[Black "Liu, Zexu"]
[Result "1/2-1/2"]
[ECO "D76"]
[WhiteElo "2438"]
[BlackElo "2286"]
[Annotator "ChessBase"]
[PlyCount "68"]
[EventDate "2023.10.23"]
[EventType "swiss"]
[EventCountry "SRB"]
[SourceTitle "playchess.com"]
[Source "ChessBase"]
[SourceQuality "1"]
[TimeControl "40/5400+30:900+30"]

1. d4 Nf6 2. c4 g6 3. Nf3 Bg7 4. g3 O-O 5. Bg2 d5 6. cxd5 Nxd5 7. O-O Nb6 8. Nc3 Nc6 9. d5 Na5 10. Qc2 c6 11. dxc6 Nxc6 12. Rd1 Qe8 13. Be3 Bf5 14. Qc1 Rc8 15. Bh6 e5 16. Bxg7 Kxg7 17. b3 Qe7 18. Qb2 Rfd8 19. Rxd8 Rxd8 20. Rd1 Rxd1+ 21. Nxd1 Qd6 22. Qd2 Qc5 23. Ne1 h5 24. Qc3 Qd6 25. Ne3 Bd7 26. Kf1 f6 27. Qd3 Qe7 28. N1c2 Nd8 29. Qc3 Bc6 30. Nb4 Bxg2+ 31. Kxg2 Ne6 32. Ned5 Nxd5 33. Nxd5 Qd7 34. Qf3 f5 1/2-1/2

[Event "36th Belgrade Trophy 2023"]
[Site "Belgrade"]
[Date "2023.12.02"]
[Round "8.3"]
[White "Enkhnar, Enkhbaatar"]
[Black "Pap, Misa"]
[Result "1-0"]
[ECO "A90"]
[WhiteElo "2327"]
[BlackElo "2426"]
[Annotator "ChessBase"]
[PlyCount "69"]
[EventDate "2023.10.23"]
[EventType "swiss"]
[EventCountry "SRB"]
[SourceTitle "playchess.com"]
[Source "ChessBase"]
[SourceQuality "1"]
[TimeControl "40/5400+30:900+30"]

1. d4 f5 2. c4 Nf6 3. Nf3 e6 4. g3 Bb4+ 5. Bd2 Qe7 6. Bg2 Ne4 7. O-O b6 8. a3 Bd6 9. Nc3 Bb7 10. d5 O-O 11. Nxe4 fxe4 12. Bg5 exf3 13. Bxe7 fxg2 14. Bxf8 gxf1=Q+ 15. Kxf1 Bxf8 16. dxe6 dxe6 17. Qd8 Na6 18. Qd7 Nc5 19. Qxc7 Rc8 20. Qf4 Ne4 21. Qe5 Kf7 22. Rd1 Nf6 23. g4 h6 24. f3 Bc6 25. b4 Ba4 26. Rd4 Bb3 27. Qb5 Be7 28. h4 g5 29. hxg5 hxg5 30. Qxg5 Bxc4 31. Qf4 e5 32. Qxe5 Bb3 33. g5 Rc1+ 34. Kg2 Be6 35. g6+ 1-0

[Event "36th Belgrade Trophy 2023"]
[Site "Belgrade"]
[Date "2023.12.02"]
[Round "8.4"]
[White "Martic, Ivan"]
[Black "Kilic, Eray"]
[Result "1-0"]
[ECO "C43"]
[WhiteElo "2292"]
[BlackElo "2446"]
[Annotator "ChessBase"]
[PlyCount "67"]
[EventDate "2023.10.23"]
[EventType "swiss"]
[EventCountry "SRB"]
[SourceTitle "playchess.com"]
[Source "ChessBase"]
[SourceQuality "1"]
[TimeControl "40/5400+30:900+30"]

1. e4 e5 2. Nf3 Nf6 3. d4 Nxe4 4. Bd3 Nc6 5. Nxe5 Nxe5 6. dxe5 Nc5 7. Bc4 d6 8. Qf3 Ne6 9. exd6 Bxd6 10. Nc3 O-O 11. Be3 Be5 12. Bd3 Qh4 13. O-O-O Nf4 14. Be4 Ng6 15. g3 Qh3 16. Bxb7 Bxb7 17. Qxb7 Bxc3 18. bxc3 Qe6 19. Qd5 Qa6 20. Bc5 Rfb8 21. Rd4 c6 22. Qc4 Qb7 23. Re1 Re8 24. Rde4 Rxe4 25. Rxe4 a5 26. h4 h5 27. g4 hxg4 28. h5 Nh8 29. Rxg4 Qd7 30. Qd4 Qxd4 31. Bxd4 g6 32. Bxh8 Kxh8 33. hxg6 fxg6 34. Rxg6 1-0

[Event "36th Belgrade Trophy 2023"]
[Site "Belgrade"]
[Date "2023.12.02"]
[Round "8.5"]
[White "Antic, Dejan"]
[Black "Besedes, Danilo"]
[Result "0-1"]
[ECO "A13"]
[WhiteElo "2362"]
[BlackElo "2277"]
[Annotator "ChessBase"]
[PlyCount "135"]
[EventDate "2023.10.23"]
[EventType "swiss"]
[EventCountry "SRB"]
[SourceTitle "playchess.com"]
[Source "ChessBase"]
[SourceQuality "1"]
[TimeControl "40/5400+30:900+30"]

1. Nf3 d5 2. e3 Nf6 3. c4 e6 4. b3 c5 5. Bb2 Nc6 6. cxd5 Nxd5 7. Nc3 Nc7 8. Rc1 b6 9. Nb5 Nd5 10. d4 a6 11. e4 axb5 12. exd5 Qxd5 13. Bxb5 Bd7 14. O-O Ne5 15. Be2 Ng6 16. Bc4 Qf5 17. d5 Be7 18. dxe6 fxe6 19. Re1 Rxa2 20. Bd3 Qh5 21. Bxg7 Rg8 22. Bxg6+ hxg6 23. Be5 Bc6 24. Bg3 Bd5 25. Re5 Bxf3 26. gxf3 Qh3 27. Ra1 Rxa1 28. Re1 Ra2 29. Re5 Ra1 30. Qxa1 Kf7 31. Qa7 Rd8 32. Re1 b5 33. Qb7 b4 34. Qe4 Qf5 35. Kg2 Qxe4 36. fxe4 Rd3 37. Rb1 Bf6 38. e5 Be7 39. f4 Ke8 40. Kf2 Kd7 41. Ke2 Rc3 42. Be1 Rc2+ 43. Bd2 Ra2 44. Rg1 Rb2 45. Rg3 Bh4 46. Rd3+ Ke7 47. Kf3 Kf7 48. Be3 Be7 49. h3 Ke8 50. Bd2 Rb1 51. Be3 c4 52. bxc4 b3 53. Ke4 b2 54. Rb3 Bc5 55. Bxc5 Re1+ 56. Kf3 b1=Q 57. Rxb1 Rxb1 58. Bf2 Rb2 59. Be3 Rb3 60. Ke4 Kd7 61. h4 Kc6 62. Bd4 Ra3 63. Be3 Rc3 64. c5 Ra3 65. Bd4 Ra4 66. Kd3 Kd5 67. Be3 Ra3+ 68. Ke2 0-1

[Event "36th Belgrade Trophy 2023"]
[Site "Belgrade"]
[Date "2023.12.02"]
[Round "8.6"]
[White "Trailovic, Aleksandar"]
[Black "Nenezic, Marko"]
[Result "0-1"]
[ECO "A48"]
[WhiteElo "2132"]
[BlackElo "2499"]
[Annotator "ChessBase"]
[PlyCount "95"]
[EventDate "2023.10.23"]
[EventType "swiss"]
[EventCountry "SRB"]
[SourceTitle "playchess.com"]
[Source "ChessBase"]
[SourceQuality "1"]
[TimeControl "40/5400+30:900+30"]

1. d4 Nf6 2. Nf3 g6 3. Bf4 Bg7 4. e3 d6 5. h3 O-O 6. Be2 c5 7. Nbd2 cxd4 8. exd4 Nc6 9. Bh2 Re8 10. Nc4 Nd5 11. O-O e5 12. c3 b5 13. dxe5 dxe5 14. Ne3 Nxe3 15. Qxd8 Nxd8 16. fxe3 Rb8 17. Rad1 f6 18. Nd4 a6 19. Bf3 Bh6 20. Bd5+ Kg7 21. e4 Rb6 22. Nb3 Ne6 23. Bg3 Be3+ 24. Bf2 Bxf2+ 25. Kxf2 Nf4 26. Nc5 Rd8 27. Bb3 Re8 28. Bd5 f5 29. Rd2 Rd8 30. Rfd1 Rbd6 31. b3 h5 32. c4 h4 33. Nd3 fxe4 34. Bxe4 bxc4 35. bxc4 Bf5 36. Ke3 Bxe4 37. Kxe4 Rd4+ 38. Ke3 Rxc4 39. Nxe5 Re8 40. Rd4 Nxg2+ 41. Kf3 Rxd4 42. Rxd4 Ne1+ 43. Ke4 Rxe5+ 44. Kxe5 Nf3+ 45. Ke4 Nxd4 46. Kxd4 g5 47. Ke4 Kf6 48. a4 0-1

[Event "36th Belgrade Trophy 2023"]
[Site "Belgrade"]
[Date "2023.12.02"]
[Round "8.7"]
[White "Belke, Frank"]
[Black "Stojanovic, Mihajlo"]
[Result "0-1"]
[ECO "E32"]
[WhiteElo "2121"]
[BlackElo "2490"]
[Annotator "ChessBase"]
[PlyCount "40"]
[EventDate "2023.10.23"]
[EventType "swiss"]
[EventCountry "SRB"]
[SourceTitle "playchess.com"]
[Source "ChessBase"]
[SourceQuality "1"]
[TimeControl "40/5400+30:900+30"]

1. d4 Nf6 2. c4 e6 3. Nc3 Bb4 4. Qc2 d6 5. e4 c5 6. a3 Qa5 7. axb4 Qxa1 8. Nb5 O-O 9. e5 dxe5 10. dxe5 Ng4 11. Nc7 Nc6 12. Nxa8 Rd8 13. Be2 Nxb4 14. Qc3 Na2 15. Qc2 Nxc1 16. Bxg4 Nd3+ 17. Ke2 Qe1+ 18. Kf3 Nxf2 19. Qe2 Rd3+ 20. Kf4 Qc1+ 0-1

[Event "36th Belgrade Trophy 2023"]
[Site "Belgrade"]
[Date "2023.12.02"]
[Round "8.8"]
[White "Janjic, Stefan"]
[Black "Milosevic, Milos"]
[Result "0-1"]
[ECO "A43"]
[WhiteElo "2116"]
[BlackElo "2362"]
[Annotator "ChessBase"]
[PlyCount "94"]
[EventDate "2023.10.23"]
[EventType "swiss"]
[EventCountry "SRB"]
[SourceTitle "playchess.com"]
[Source "ChessBase"]
[SourceQuality "1"]
[TimeControl "40/5400+30:900+30"]

1. d4 Nf6 2. Nf3 c5 3. d5 b5 4. Bg5 Qb6 5. Nc3 b4 6. Na4 Qa5 7. Bxf6 gxf6 8. b3 f5 9. Qd3 Bg7 10. Rd1 d6 11. Nd2 Qc7 12. g3 Nd7 13. Nc4 Nb6 14. Bh3 Nxa4 15. bxa4 Bc3+ 16. Kf1 Qd7 17. a5 Ba6 18. Bxf5 Qb5 19. Qe3 Qxc4 20. Bd3 Qxa2 21. Bxa6 Rb8 22. Qe4 Qxa5 23. Bc4 Qb6 24. Rd3 a5 25. Re3 Bf6 26. g4 Kd8 27. h4 Qa7 28. Rf3 a4 29. g5 Be5 30. Rxf7 b3 31. cxb3 a3 32. b4 Rxb4 33. f4 a2 34. Kg2 a1=Q 35. Rxa1 Bxa1 36. Qd3 Qa4 37. Qe3 Qe8 38. Qa3 Qxf7 39. Qa5+ Kc8 40. Qa8+ Kc7 41. Qc6+ Kb8 42. Bb5 e5 43. Qb6+ Qb7 44. Qxd6+ Qc7 45. Qa6 Rxb5 46. Qxb5+ Qb7 47. Qxc5 Rd8 0-1

[Event "36th Belgrade Trophy 2023"]
[Site "Belgrade"]
[Date "2023.12.02"]
[Round "8.9"]
[White "Jovanovic, Aleksandar D"]
[Black "Mezentsev, Ivan"]
[Result "0-1"]
[ECO "B15"]
[WhiteElo "2083"]
[BlackElo "2362"]
[Annotator "ChessBase"]
[PlyCount "34"]
[EventDate "2023.10.23"]
[EventType "swiss"]
[EventCountry "SRB"]
[SourceTitle "playchess.com"]
[Source "ChessBase"]
[SourceQuality "1"]
[TimeControl "40/5400+30:900+30"]

1. e4 c6 2. d4 d5 3. Nc3 dxe4 4. Nxe4 Nf6 5. Ng5 Bf5 6. c3 h6 7. N5f3 Nbd7 8. Bc4 e6 9. Ne2 Bd6 10. O-O Qc7 11. Ng3 Bh7 12. Qe2 O-O 13. Re1 c5 14. Bb3 Rad8 15. Bd2 a6 16. Ne5 Nxe5 17. dxe5 Bxe5 0-1

[Event "36th Belgrade Trophy 2023"]
[Site "Belgrade"]
[Date "2023.12.02"]
[Round "8.10"]
[White "Javadov, Habil"]
[Black "Djokic, Nenad"]
[Result "1-0"]
[ECO "A47"]
[WhiteElo "2026"]
[BlackElo "2223"]
[Annotator "ChessBase"]
[PlyCount "79"]
[EventDate "2023.10.23"]
[EventType "swiss"]
[EventCountry "SRB"]
[SourceTitle "playchess.com"]
[Source "ChessBase"]
[SourceQuality "1"]
[TimeControl "40/5400+30:900+30"]

1. d4 Nf6 2. Nf3 e6 3. Bf4 c5 4. e3 cxd4 5. exd4 b6 6. c3 Bb7 7. Nbd2 Be7 8. h3 O-O 9. Bd3 d6 10. O-O Nbd7 11. a4 a6 12. Re1 Re8 13. Bh2 h6 14. Qe2 Bf8 15. Nc4 Qc7 16. Ne3 Qc6 17. Qc2 Rad8 18. Rad1 Qc8 19. Nd2 Bc6 20. Ne4 Nxe4 21. Bxe4 Nf6 22. Bxc6 Qxc6 23. Ra1 Rd7 24. Qe2 b5 25. axb5 axb5 26. Ra5 Rb7 27. Rea1 d5 28. Ra6 Qc8 29. R6a5 Qd7 30. Ra8 b4 31. c4 dxc4 32. Rxe8 Qxe8 33. Qxc4 Rd7 34. Be5 Nd5 35. Nxd5 Rxd5 36. Ra7 Qd8 37. Qc6 g6 38. Ra8 Qe7 39. Re8 Qd7 40. Qa8 1-0

[Event "36th Belgrade Trophy 2023"]
[Site "Belgrade"]
[Date "2023.12.02"]
[Round "8.11"]
[White "Scekic, Veljko"]
[Black "Stanojevic, Ilija"]
[Result "1/2-1/2"]
[ECO "B31"]
[WhiteElo "2211"]
[BlackElo "2117"]
[Annotator "ChessBase"]
[PlyCount "125"]
[EventDate "2023.10.23"]
[EventType "swiss"]
[EventCountry "SRB"]
[SourceTitle "playchess.com"]
[Source "ChessBase"]
[SourceQuality "1"]
[TimeControl "40/5400+30:900+30"]

1. e4 c5 2. Nf3 Nc6 3. Bb5 g6 4. O-O Bg7 5. Re1 e5 6. c3 Nge7 7. d3 a6 8. Bc4 b5 9. Bb3 O-O 10. a4 Rb8 11. axb5 axb5 12. Be3 d6 13. Nbd2 h6 14. h3 Kh7 15. Nh2 Qc7 16. f4 Na5 17. fxe5 dxe5 18. Bc2 c4 19. Nhf3 Nec6 20. Qe2 Be6 21. Reb1 Rfd8 22. b4 cxb3 23. Nxb3 Nxb3 24. Bxb3 Bxb3 25. Rxb3 Qd7 26. Ne1 b4 27. Rc1 Bf8 28. cxb4 Rxb4 29. Rbc3 Nd4 30. Qf2 Ne6 31. Nf3 Bg7 32. Kh2 Qb5 33. Ne1 Rd7 34. Qf3 Rb2 35. R3c2 Rxc2 36. Rxc2 Qb3 37. Qe2 Bf6 38. Qf2 Bd8 39. Rc8 Qb7 40. Rc2 Qb3 41. Rc8 Qb7 42. Rc2 Kg7 43. Rd2 Qb3 44. Rc2 Qb7 45. Ra2 Bg5 46. Bxg5 hxg5 47. Qe3 Nf4 48. g3 Qb1 49. Rd2 Ne6 50. Rf2 Rc7 51. Rf1 f6 52. Kg2 Qb2+ 53. Rf2 Qc1 54. Qf3 Rf7 55. Nc2 f5 56. exf5 Rxf5 57. Qe2 Kf6 58. Ne3 Nd4 59. Ng4+ Ke6 60. Qe4 Qc6 61. Qxc6+ Nxc6 62. Ne3 Rxf2+ 63. Kxf2 1/2-1/2

[Event "36th Belgrade Trophy 2023"]
[Site "Belgrade"]
[Date "2023.12.02"]
[Round "8.12"]
[White "Sovetbekova, Nurai"]
[Black "Savic, Mihailo S"]
[Result "0-1"]
[ECO "E32"]
[WhiteElo "1801"]
[BlackElo "2157"]
[Annotator "ChessBase"]
[PlyCount "92"]
[EventDate "2023.10.23"]
[EventType "swiss"]
[EventCountry "SRB"]
[SourceTitle "playchess.com"]
[Source "ChessBase"]
[SourceQuality "1"]
[TimeControl "40/5400+30:900+30"]

1. d4 e6 2. c4 Nf6 3. Nc3 Bb4 4. Qc2 d6 5. a3 Bxc3+ 6. Qxc3 O-O 7. Bg5 h6 8. Bh4 Nbd7 9. Nf3 Re8 10. Rd1 b6 11. e3 Bb7 12. Be2 Qe7 13. O-O Qf8 14. b4 Ne4 15. Qc2 f5 16. c5 Ndf6 17. c6 Bc8 18. Nd2 Nxd2 19. Qxd2 e5 20. Bc4+ Kh8 21. f3 Be6 22. Bxe6 Rxe6 23. e4 Nh7 24. dxe5 Rxe5 25. Bg3 Re7 26. exf5 Qxf5 27. Rfe1 Rae8 28. Bh4 Re6 29. Rxe6 Rxe6 30. Re1 Nf8 31. h3 Kg8 32. a4 a6 33. Rxe6 Nxe6 34. Qe2 b5 35. axb5 axb5 36. Bg3 Kf7 37. Kh2 Qd5 38. Qc2 Nd4 39. Qh7 Nxc6 40. Bf4 Qe6 41. Bd2 Ne7 42. Bc3 Qg6 43. Qh8 Ng8 44. Bd4 Qg5 45. Bc3 c5 46. g3 Qg6 0-1

[Event "36th Belgrade Trophy 2023"]
[Site "Belgrade"]
[Date "2023.12.02"]
[Round "8.13"]
[White "Savic, Nemanja"]
[Black "Eric, Jovana"]
[Result "1/2-1/2"]
[ECO "B51"]
[WhiteElo "2136"]
[BlackElo "2112"]
[Annotator "NA"]
[PlyCount "144"]
[EventDate "2023.10.23"]
[EventType "swiss"]
[EventCountry "SRB"]
[SourceTitle "playchess.com"]
[Source "ChessBase"]
[SourceQuality "1"]
[TimeControl "40/5400+30:900+30"]

1. e4 c5 2. Nf3 d6 3. Bb5+ Nd7 4. a4 Ngf6 5. Nc3 e6 6. O-O a6 7. Be2 Be7 8. d4 cxd4 9. Qxd4 O-O 10. Rd1 e5 11. Qe3 Qc7 12. Nd2 Nc5 13. Nc4 Be6 14. b3 h6 15. a5 Rad8 16. Nb6 Ncd7 17. Nc4 Qc6 18. Ba3 Ne8 19. g3 Bg5 20. f4 exf4 21. gxf4 Bf6 22. Nd5 Bxd5 23. exd5 Qc7 24. Rab1 Rb8 25. Bb4 Bd8 26. Kh1 Ndf6 27. Bf3 Qd7 28. Rd2 Bc7 29. Rg1 Qf5 30. Qd4 Kh8 31. Rdg2 Rg8 32. Bc3 Bd8 33. Bb4 Bc7 34. Ba3 Qh3 35. Rg3 Qd7 36. Bb2 Bd8 37. Qd3 Qb5 38. Qf5 Qc5 39. Qh3 Kh7 40. Qf5+ g6 41. Qd3 Qc8 42. h4 h5 43. Ne3 Bxa5 44. f5 Bb6 45. fxg6+ fxg6 46. Kh2 Bxe3 47. Qxe3 Qf5 48. Bc1 Rg7 49. Qh6+ Kg8 50. Rxg6 Rxg6 51. Qxg6+ Qxg6 52. Rxg6+ Kf7 53. Rh6 Ng4+ 54. Bxg4 hxg4 55. Kg3 Rc8 56. Rh7+ Kg6 57. Rxb7 Rc3+ 58. Kxg4 Nf6+ 59. Kf4 Nxd5+ 60. Ke4 Nf6+ 61. Kd4 Rxc2 62. Bg5 Nh7 63. Bf4 Nf8 64. Bxd6 Rd2+ 65. Ke5 Re2+ 66. Kd5 Rd2+ 67. Kc6 Ne6 68. Rb6 Nd4+ 69. Kb7 Kh5 70. Be7 Nxb3 71. Rxb3 Rd7+ 72. Kxa6 Rxe7 1/2-1/2

[Event "36th Belgrade Trophy 2023"]
[Site "Belgrade"]
[Date "2023.12.02"]
[Round "8.14"]
[White "Popchev, Milko"]
[Black "Zmijanac, Dusko"]
[Result "1-0"]
[ECO "B02"]
[WhiteElo "2244"]
[BlackElo "1938"]
[Annotator "RC"]
[PlyCount "95"]
[EventDate "2023.10.23"]
[EventType "swiss"]
[EventCountry "SRB"]
[SourceTitle "playchess.com"]
[Source "ChessBase"]
[SourceQuality "1"]
[TimeControl "40/5400+30:900+30"]

1. e4 Nf6 2. d3 d5 3. e5 Nfd7 4. f4 c5 5. g3 e6 6. Bg2 Nc6 7. c4 Nb6 8. b3 f6 9. Nf3 dxc4 10. dxc4 Qxd1+ 11. Kxd1 Be7 12. Bb2 O-O 13. Na3 a6 14. Nc2 Nd7 15. Ke2 Rb8 16. Rad1 b5 17. Bh3 Nb6 18. Ne3 bxc4 19. bxc4 Na5 20. Nd2 f5 21. Rc1 Rd8 22. Rhd1 Bd7 23. Bc3 Nc6 24. Nb3 Na4 25. Bg2 Be8 26. Ba1 Nb4 27. Rxd8 Rxd8 28. a3 Rd3 29. Rb1 Rxe3+ 30. Kxe3 Nc2+ 31. Kd3 Nxa3 32. Rc1 Nxc4 33. Rxc4 Bb5 34. Nd2 Bd8 35. Kc2 Ba5 36. Bf1 Kf7 37. Nb3 Be1 38. Rxa4 Bxa4 39. Bxa6 Bf2 40. Bc4 Bg1 41. h3 Bxb3+ 42. Kxb3 Bh2 43. g4 g6 44. gxf5 gxf5 45. Ka4 Bxf4 46. Kb5 Be3 47. Kc6 Ke7 48. Bb2 1-0

[Event "36th Belgrade Trophy 2023"]
[Site "Belgrade"]
[Date "2023.12.02"]
[Round "8.15"]
[White "Ivanovic, Nikola"]
[Black "Djokic, Mihailo"]
[Result "0-1"]
[ECO "E62"]
[WhiteElo "1980"]
[BlackElo "2170"]
[Annotator "ChessBase"]
[PlyCount "103"]
[EventDate "2023.10.23"]
[EventType "swiss"]
[EventCountry "SRB"]
[SourceTitle "playchess.com"]
[Source "ChessBase"]
[SourceQuality "1"]
[TimeControl "40/5400+30:900+30"]

1. d4 Nf6 2. c4 g6 3. Nc3 Bg7 4. Nf3 O-O 5. g3 d6 6. Bg2 Nc6 7. d5 Na5 8. b3 c5 9. dxc6 Ne4 10. Nxe4 Bxa1 11. Bh6 Bg7 12. Bxg7 Kxg7 13. h4 Nxc6 14. h5 Qa5+ 15. Kf1 Bf5 16. Qa1+ f6 17. Nh4 Bg4 18. Qc1 g5 19. h6+ Kh8 20. Nf3 Qxa2 21. Nfd2 Nd4 22. f3 Bf5 23. Qc3 Bxe4 24. Qxd4 Bc6 25. Bh3 Qa5 26. e4 Qe5 27. Qxe5 dxe5 28. Ke2 Rfd8 29. Be6 b6 30. Ra1 Rd6 31. Bd5 e6 32. Bxc6 Rxc6 33. Ra6 Kg8 34. b4 Rc7 35. b5 Kf7 36. Ra4 Kg6 37. Ra3 Rd8 38. Rc3 f5 39. exf5+ exf5 40. g4 fxg4 41. fxg4 Rd4 42. Nf3 Re4+ 43. Kd3 Rf4 44. Nxe5+ Kxh6 45. Rc1 Re7 46. Nc6 Rd7+ 47. Ke3 Rxg4 48. c5 bxc5 49. Rxc5 Ra4 50. Ne5 Re7 51. Kf3 Rxe5 52. Rxe5 0-1

[Event "36th Belgrade Trophy 2023"]
[Site "Belgrade"]
[Date "2023.12.03"]
[Round "9.1"]
[White "Martic, Ivan"]
[Black "Atalik, Suat"]
[Result "1/2-1/2"]
[ECO "C96"]
[WhiteElo "2292"]
[BlackElo "2427"]
[Annotator "RC"]
[PlyCount "28"]
[EventDate "2023.10.23"]
[EventType "swiss"]
[EventCountry "SRB"]
[SourceTitle "playchess.com"]
[Source "ChessBase"]
[SourceQuality "1"]
[TimeControl "40/5400+30:900+30"]

1. e4 e5 2. Nf3 Nc6 3. Bc4 Nf6 4. d3 Be7 5. O-O O-O 6. Re1 d6 7. c3 Na5 8. Bb5 a6 9. Ba4 b5 10. Bc2 c5 11. h3 Nc6 12. d4 Nd7 13. d5 Na5 14. b3 Nb6 1/2-1/2

[Event "36th Belgrade Trophy 2023"]
[Site "Belgrade"]
[Date "2023.12.03"]
[Round "9.3"]
[White "Besedes, Danilo"]
[Black "Blagojevic, Dragisa"]
[Result "0-1"]
[ECO "D02"]
[WhiteElo "2277"]
[BlackElo "2438"]
[Annotator "ChessBase"]
[PlyCount "162"]
[EventDate "2023.10.23"]
[EventType "swiss"]
[EventCountry "SRB"]
[SourceTitle "playchess.com"]
[Source "ChessBase"]
[SourceQuality "1"]
[TimeControl "40/5400+30:900+30"]

1. d4 d5 2. Nf3 Nf6 3. g3 c5 4. Bg2 cxd4 5. O-O h6 6. Nxd4 e5 7. Nb3 Nc6 8. Nc3 Be6 9. e4 d4 10. Nb1 a5 11. c3 a4 12. N3d2 Be7 13. cxd4 exd4 14. h3 Nb4 15. Na3 Nxa2 16. e5 Nd7 17. Ndc4 Nxc1 18. Rxc1 O-O 19. Qxd4 Nc5 20. Rcd1 Qxd4 21. Rxd4 f6 22. Re1 Rad8 23. Rxd8 Rxd8 24. Re2 b5 25. Na5 b4 26. Nc2 b3 27. Ne3 Bf8 28. exf6 gxf6 29. Nc6 Rd6 30. Nb4 Nd3 31. Nbd5 a3 32. bxa3 b2 33. Nc3 Rb6 34. Nf1 Bf7 35. Nb1 Rb8 36. Be4 Ne5 37. Ne3 Ba2 38. Bd5+ Bxd5 39. Nxd5 Nc4 40. a4 Na3 41. Ndc3 Kf7 42. a5 f5 43. Kf1 Nxb1 44. Nxb1 Bg7 45. Rc2 Rb5 46. Rc7+ Kg6 47. a6 Ra5 48. a7 Bd4 49. Rc6+ Bf6 50. Rc7 Bd4 51. Rc6+ Kf7 52. Rc4 Bf6 53. Rc7+ Ke6 54. Ke2 Bd4 55. Kd3 Bxf2 56. Rc6+ Kf7 57. Rc7+ Ke6 58. Rc6+ Ke5 59. Rxh6 Rxa7 60. g4 Rd7+ 61. Ke2 Bd4 62. Rh5 Rc7 63. Rxf5+ Ke6 64. Rf1 Rc2+ 65. Kd3 Rc1 66. Ke2 Bf6 67. Rd1 Bg5 68. Na3 Be7 69. Nb1 Ke5 70. Rf1 Bg5 71. Rf5+ Ke6 72. Rf1 Ke5 73. Rf5+ Kd4 74. Rxg5 Rxb1 75. Rb5 Rh1 76. Kf3 b1=Q 77. Rxb1 Rxb1 78. Kf4 Kd5 79. Kf5 Kd6 80. Kf6 Rh1 81. g5 Rxh3 0-1

[Event "36th Belgrade Trophy 2023"]
[Site "Belgrade"]
[Date "2023.12.03"]
[Round "9.5"]
[White "Nenezic, Marko"]
[Black "Mezentsev, Ivan"]
[Result "1-0"]
[ECO "D02"]
[WhiteElo "2499"]
[BlackElo "2362"]
[Annotator "ChessBase"]
[PlyCount "77"]
[EventDate "2023.10.23"]
[EventType "swiss"]
[EventCountry "SRB"]
[SourceTitle "playchess.com"]
[Source "ChessBase"]
[SourceQuality "1"]
[TimeControl "40/5400+30:900+30"]

1. Nf3 d5 2. g3 Nc6 3. d4 Bg4 4. Bg2 Qd7 5. c4 e6 6. Nc3 O-O-O 7. h3 Bh5 8. O-O f6 9. cxd5 exd5 10. Qa4 Bf7 11. Bd2 Be6 12. b4 Kb8 13. b5 Nce7 14. b6 Qxa4 15. bxc7+ Kxc7 16. Nxa4 Nc6 17. Rfc1 Bd6 18. Rab1 Nge7 19. Nc3 Kc8 20. Nb5 Bb8 21. a4 Nf5 22. e3 a6 23. Ba5 Rd7 24. Bb6 Nd6 25. Nd2 Bf5 26. Rb2 Bd3 27. Nxd6+ Bxd6 28. Rb3 Bf5 29. Bxd5 Bxh3 30. Bxc6 bxc6 31. Rxc6+ Kb7 32. d5 Ka8 33. Bd4 Bb8 34. Rxa6+ Ba7 35. Nc4 Rc7 36. d6 Bc8 37. Nb6+ Kb7 38. Rxa7+ Kxa7 39. Nxc8+ 1-0

[Event "36th Belgrade Trophy 2023"]
[Site "Belgrade"]
[Date "2023.12.03"]
[Round "9.6"]
[White "Stojanovic, Mihajlo"]
[Black "Javadov, Habil"]
[Result "1-0"]
[ECO "D37"]
[WhiteElo "2490"]
[BlackElo "2026"]
[Annotator "ChessBase"]
[PlyCount "119"]
[EventDate "2023.10.23"]
[EventType "swiss"]
[EventCountry "SRB"]
[SourceTitle "playchess.com"]
[Source "ChessBase"]
[SourceQuality "1"]
[TimeControl "40/5400+30:900+30"]

1. d4 e6 2. c4 d5 3. Nc3 a6 4. cxd5 exd5 5. Nf3 Nf6 6. Bg5 Be6 7. e3 Nbd7 8. Bd3 Bd6 9. O-O c6 10. h3 Qc7 11. Qd2 h6 12. Bf4 O-O 13. Rfe1 Rfe8 14. Rac1 Rac8 15. a3 Nh5 16. Bxd6 Qxd6 17. Na4 Nhf6 18. Qb4 Qxb4 19. axb4 Ne4 20. Nc5 Nexc5 21. bxc5 Re7 22. Nd2 Nf6 23. f3 Rd8 24. Kf2 Kf8 25. g4 Bc8 26. Nf1 g6 27. Ng3 Kg7 28. Rcd1 Be6 29. Rd2 Nh7 30. Bf1 Red7 31. Ra1 f5 32. gxf5 Bxf5 33. Nxf5+ gxf5 34. Bd3 Kf6 35. Rg1 Ng5 36. Rg3 Rg7 37. h4 Ne6 38. Rxg7 Nxg7 39. Rd1 Re8 40. Rg1 Re6 41. b4 Kf7 42. e4 fxe4 43. fxe4 Rf6+ 44. Ke3 dxe4 45. Bc4+ Kf8 46. Kxe4 Rf2 47. Rf1 Rxf1 48. Bxf1 Ke7 49. Ke5 Ne8 50. Bc4 Nf6 51. Be6 h5 52. Kf5 Ng4 53. Bb3 Ne3+ 54. Kg5 Ng2 55. d5 Kd7 56. d6 b6 57. Kxh5 Nf4+ 58. Kg5 Nd3 59. h5 bxc5 60. h6 1-0